 Dungeon Crawl Stone Soup version 0.26-a0-466-g989023bd0d (webtiles) character file.

Game seed: 4660232575646246989

1072556 Zarlindeir the Conqueror (level 27, -25/199 HPs)
             Began as a Gargoyle Earth Elementalist on July 26, 2020.
             Was the Champion of Vehumet.
             Killed by the air
             ... invoked by a blizzard demon
              (32 damage)
             ... in Pandemonium on July 29, 2020.
             The game lasted 04:16:33 (87734 turns).

Zarlindeir the Conqueror (GrEE)                    Turns: 87734, Time: 04:16:33

Health: -25/199    AC: 41    Str: 19      XL:     27
Magic:  0/54       EV: 32    Int: 38      God:    Vehumet [******]
Gold:   13487      SH:  0    Dex: 16 (17) Spells: 18/80 levels left

rFire    + + +     SeeInvis +   v - +9 sacred scourge (holy)
rCold    + + .     Faith    .   (no shield)
rNeg     + + .     Spirit   .   a - +0 robe of the Ladybird {rC+ Str+6 Int+3}
rPois    ∞         Reflect  .   L - +3 crown of Dyrovepreva {rElec Int+2 SInv}
rElec    +         Harm     .   X - +5 cloak of Lethargy {Int+3 Dex+3}
rCorr    +         Clarity  +   I - +2 pair of gloves of the Lily {+Blink rC+ MR+ Regen+ Dex+4}
MR       +++..                  u - +2 pair of boots of Going Fast {rPois Int+4}
Stlth    ++........             o - amulet of the Magpie {RegenMP rF+ rN+}
HPRegen  0.83/turn              R - ring "Fimmema" {Fire rPois Int-2 Slay+6}
MPRegen  0.59/turn              M - ring of Phasing {EV+8}

@: about to teleport, resistant (expiring), flying, very slightly contaminated,
studying Dodging
A: big wings, molten scales 1, clarity, deterioration 1, negative energy
resistance 1, electricity resistance, unbreathing, petrification resistance, rot
immunity, sturdy frame 1, AC +20
}: 8/15 runes: barnacled, slimy, silver, abyssal, demonic, glowing, dark,
gossamer
a: Stop Flying, Renounce Religion, Evoke Blink


You were in Pandemonium.
You worshipped Vehumet.
Vehumet was exalted by your worship.
You visited 13 branches of the dungeon, and saw 59 of its levels.
You visited Pandemonium 1 time, and saw 6 of its levels.
You visited the Abyss 1 time.
You completed 1 ziggurat, and saw 27 of its levels.
You also visited: Ice Cave.

You collected 16940 gold pieces.
You spent 3453 gold pieces at shops.

Inventory:

Hand Weapons
 c - the +9 dire flail "Lirphuir" {drain, +Blink rF+++ rC- Stlth-}
   (You found it on level 3 of the Elven Halls)

   A truly terrible weapon, it drains the life of those it strikes.
   It renders you almost immune to fire.
   It makes you vulnerable to cold.
   It lets you blink.
   It makes you less stealthy.
 p - the +7 dire flail "Kuceh" {venom, rC+ rN+ Str-4 Int+7}
   (You acquired it on level 6 of the Lair of Beasts)

   It poisons the flesh of those it strikes.
   It affects your strength (-4).
   It affects your intelligence (+7).
   It protects you from cold.
   It protects you from negative energy.
 v - a +9 sacred scourge of holy wrath (weapon)
Armour
 a - the +0 robe of the Ladybird (worn) {rC+ Str+6 Int+3}
   (You found it on level 7 of the Dungeon)

   It affects your strength (+6).
   It affects your intelligence (+3).
   It protects you from cold.
 u - the +2 pair of boots of Going Fast (worn) {rPois Int+4}
   (You found it on level 4 of the Dungeon)

   It affects your intelligence (+4).
   It protects you from poison.
 I - the +2 pair of gloves of the Lily (worn) {+Blink rC+ MR+ Regen+ Dex+4}
   (You found it on level 3 of the Vaults)

   It affects your dexterity (+4).
   It protects you from cold.
   It affects your resistance to hostile enchantments.
   It lets you blink.
   It increases your rate of regeneration.
 L - the +3 crown of Dyrovepreva (worn) {rElec Int+2 SInv}
   (You found it on level 2 of the Depths)

   It affects your intelligence (+2).
   It insulates you from electricity.
   It lets you see invisible.
 P - the +3 pair of gauntlets of War {Slay+5}
   (You found it on level 1 of the Depths)

   It affects your accuracy and damage with ranged weapons and melee attacks
   (+5).
 X - the +5 cloak of Lethargy (worn) {Int+3 Dex+3}
   (You found it on level 1 of the Depths)

   It affects your intelligence (+3).
   It affects your dexterity (+3).
Magical Staves
 k - an uncursed staff of energy
Jewellery
 j - the ring of Shadows {Umbra +Inv Stlth+}
   (You found it on level 7 of a ziggurat)

   [ring of stealth]

   It lets you turn invisible.
   It makes you more stealthy.
 o - the amulet of the Magpie (around neck) {RegenMP rF+ rN+}
   (You found it on level 3 of the Elven Halls)

   [amulet of magic regeneration]

   It increases your magic regeneration.
   It protects you from fire.
   It protects you from negative energy.
 w - the amulet of Vitality {Regen+ HP+15}
   (You found it on level 4 of the Shoals)

   [amulet of regeneration]

   It affects your health (+15).
   It increases your rate of regeneration.
 B - the amulet of Wuacusk {Reflect rC+ rN+++ Str+8 Dex-2 SH+5}
   (You acquired it on level 13 of a ziggurat)

   [amulet of reflection]

   It shields you and reflects attacks.
   It affects your strength (+8).
   It affects your dexterity (-2).
   It protects you from cold.
   It renders you almost immune to negative energy.
   It affects your SH (+5).
 M - the ring of Phasing (right hand) {EV+8}
   (You found it on level 6 of the Lair of Beasts)

   [ring of evasion]

   It affects your evasion (+8).
 R - the ring "Fimmema" (left hand) {Fire rPois Int-2 Slay+6}
   (You took it off a frost giant on level 1 of the Depths)

   [ring of fire]

   It enhances your fire magic.
   It affects your intelligence (-2).
   It affects your accuracy and damage with ranged weapons and melee attacks
   (+6).
   It protects you from fire.
   It makes you vulnerable to cold.
   It protects you from poison.
 V - an uncursed ring of resist corrosion
Wands
 d - a wand of acid (34)
 D - a wand of clouds (28)
Scrolls
 f - 46 scrolls of remove curse
 n - 6 scrolls of magic mapping
 x - 19 scrolls of amnesia
 y - 22 scrolls of identify
 z - 5 scrolls of holy word
 A - 5 scrolls of blinking
 C - 2 scrolls of summoning
 N - 20 scrolls of fog
 Y - 19 scrolls of teleportation
Potions
 b - a potion of cancellation
 g - 8 potions of haste
 i - 3 potions of heal wounds
 l - 19 potions of curing
 m - 13 potions of mutation
 s - 6 potions of brilliance
 t - a potion of invisibility
 E - 15 potions of ambrosia
 F - 5 potions of berserk rage
 G - 2 potions of resistance
 S - 12 potions of might
Books
 H - a manual of Dodging
Miscellaneous
 e - 19 phantom mirrors
 h - 13 boxes of beasts
 q - the horn of Geryon (inert)
 J - a phial of floods


   Skills:
 O Level 27 Fighting
 - Level 18.0 Maces & Flails
 - Level 6.0 Armour
 - Level 15.0 Dodging
 - Level 2.1 Stealth
 O Level 27 Spellcasting
 O Level 27 Conjurations
   Level 0.7 Transmutations
 + Level 23.4 Fire Magic
 + Level 23.1 Ice Magic
 + Level 23.5 Earth Magic
 - Level 6.0 Evocations


You had 18 spell levels left.
You knew the following spells:

 Your Spells              Type           Power        Failure   Level
a - Shatter               Erth           ########..   1%          9
b - Stone Arrow           Conj/Erth      ######       0%          3
c - Lee's Rapid Deconstr  Erth           ########..   0%          5
d - Iron Shot             Conj/Erth      ########..   0%          6
e - Absolute Zero         Ice            ########..   1%          9
f - Fire Storm            Conj/Fire      #########.   1%          9
g - Ignition              Fire           ########..   1%          8
h - Fireball              Conj/Fire      #########.   0%          5
i - Lehudib's Crystal Sp  Conj/Erth      ########..   1%          8

Your spell library contained the following spells:

 Spells                   Type           Power        Failure   Level
 Chain Lightning          Conj/Air       ########..   2%          8
 Foxfire                  Conj/Fire      ####         0%          1
 Freeze                   Ice            ####         0%          1
 Magic Dart               Conj           ####         0%          1
 Sandblast                Erth           ######       0%          1
 Shock                    Conj/Air       ####         0%          1
 Ensorcelled Hibernation  Hex/Ice        ######       0%          2
 Passwall                 Tmut/Erth      #######.     0%          2
 Searing Ray              Conj           ######       0%          2
 Conjure Flame            Conj/Fire      ########     0%          3
 Dazzling Flash           Conj/Hex       ######       0%          3
 Frozen Ramparts          Ice            ######       0%          3
 Inner Flame              Hex/Fire       ########     0%          3
 Ozocubu's Armour         Ice            ########     0%          3
 Static Discharge         Conj/Air       ########     0%          3
 Fulminant Prism          Conj/Hex       ########..   0%          4
 Hailstorm                Conj/Ice       ########     0%          4
 Iskenderun's Mystic Bla  Conj/Tloc      ########     0%          4
 Sticky Flame             Conj/Fire      ########     0%          4
 Bolt of Magma            Conj/Fire/Erth #########.   0%          5
 Iskenderun's Battlesphe  Conj           ########     0%          5
 Ozocubu's Refrigeration  Ice            ########..   0%          6
 Starburst                Conj/Fire      #########.   0%          6
 Orb of Destruction       Conj           ########..   0%          7
 Animate Skeleton         Necr           ######       1%          1
 Apportation              Tloc           ######       1%          1
 Beastly Appendage        Tmut           ######       1%          1
 Corona                   Hex            ######.      1%          1
 Pain                     Necr           ####         1%          1
 Sting                    Tmut/Pois      ####         1%          1
 Summon Small Mammal      Summ           ####         1%          1
 Blink                    Tloc           N/A          1%          2
 Call Imp                 Summ           ######..     1%          2
 Corpse Rot               Necr/Air       N/A          1%          2
 Poisonous Vapours        Pois/Air       ######       1%          2
 Slow                     Hex            ######..     1%          2
 Swiftness                Air            ######..     1%          2
 Wereblood                Tmut           ######..     1%          2
 Call Canine Familiar     Summ           ######..     1%          3
 Confusing Touch          Hex            ######..     1%          3
 Gell's Gravitas          Tloc           ######....   1%          3
 Ignite Poison            Fire/Tmut/Pois ########     1%          3
 Lesser Beckoning         Tloc           ######....   1%          3
 Mephitic Cloud           Conj/Pois/Air  #######.     1%          3
 Portal Projectile        Hex/Tloc       ######       1%          3
 Spider Form              Tmut/Pois      ######....   1%          3
 Summon Guardian Golem    Hex/Summ       ######..     1%          3
 Teleport Other           Tloc           ######..     1%          3
 Tukima's Dance           Hex            ######..     1%          3
 Vampiric Draining        Necr           ######....   1%          3
 Airstrike                Air            ######....   1%          4
 Ice Form                 Ice/Tmut       #######.     1%          4
 Leda's Liquefaction      Hex/Erth       #######...   1%          4
 Olgreb's Toxic Radiance  Pois           ######..     1%          4
 Petrify                  Tmut/Erth      #######.     1%          4
 Summon Ice Beast         Ice/Summ       #######.     1%          4
 Borgnjor's Vile Clutch   Necr/Erth      #######...   1%          5
 Irradiate                Conj/Tmut      ########..   1%          5
 Lightning Bolt           Conj/Air       ########..   1%          5
 Metabolic Englaciation   Hex/Ice        #######...   1%          5
 Conjure Ball Lightning   Conj/Air       ########..   1%          6
 Freezing Cloud           Conj/Ice/Air   ########..   1%          6
 Simulacrum               Ice/Necr       #######...   1%          6
 Spellforged Servitor     Conj/Summ      ########..   1%          7
 Yara's Violent Unravell  Hex/Tmut       ######....   2%          5
 Animate Dead             Necr           ######....   3%          4
 Cause Fear               Hex            ######....   3%          4
 Dispel Undead            Necr           ######..     3%          4
 Passage of Golubria      Tloc           N/A          3%          4
 Summon Lightning Spire   Summ/Air       ######..     3%          4
 Blade Hands              Tmut           ######....   8%          5
 Alistair's Intoxication  Tmut/Pois      ######...    9%          5
 Agony                    Necr           ######..     10%         5
 Excruciating Wounds      Necr           ######....   10%         5
 Silence                  Hex/Air        ######....   10%         5
 Summon Demon             Summ           ######....   10%         5
 Summon Forest            Summ/Tloc      ######....   10%         5
 Summon Mana Viper        Hex/Summ       ######..     10%         5
 Hydra Form               Tmut           ######....   38%         6
 Eringya's Noxious Bog    Tmut/Pois      ######....   43%         6
 Death Channel            Necr           ######....   47%         6
 Dispersal                Tloc           ######....   47%         6
 Invisibility             Hex            ######..     47%         6
 Shadow Creatures         Summ           N/A          47%         6
 Dragon Form              Tmut           ######....   92%         7
 Malign Gateway           Summ/Tloc      ######....   96%         7
 Monstrous Menagerie      Summ           ######....   96%         7
 Summon Greater Demon     Summ           ######....   96%         7
 Summon Hydra             Summ           ######....   96%         7
 Controlled Blink         Tloc           N/A          100%        8
 Discord                  Hex            ######....   100%        8
 Disjunction              Tloc           ######....   100%        8
 Summon Horrible Things   Summ           ######....   100%        8
 Tornado                  Air            ######....   100%        9
 Sublimation of Blood     Necr           Unusable     N/A         2
 Statue Form              Tmut/Erth      Unusable     N/A         6

Dungeon Overview and Level Annotations

Branches:
Dungeon (15/15)            Temple (1/1) D:5            Lair (6/6) D:8
 Shoals (4/4) Lair:3       Spider (4/4) Lair:4        Slime (5/5) Lair:6
    Orc (2/2) D:10            Elf (3/3) Orc:2        Vaults (5/5) D:13
  Crypt (3/3) Vaults:3       Tomb (0/3) Crypt:3      Depths (5/5) D:15
   Hell (visited)             Dis (0/7) Hell            Geh (0/7) Hell
    Coc (0/7) Hell            Tar (0/7) Hell            Zot (5/5) Depths:5
  IceCv (visited)

Altars:
Ashenzari
Cheibriados
Dithmenos
Elyvilon
Hepliaklqana
Kikubaaqudgha
Makhleb
Nemelex Xobeh
Okawaru
Qazlal
Ru
Sif Muna
Trog
Uskayaw
Vehumet
Wu Jian
Zin
The Shining One
Beogh

Shops:
Orc:2 :?!(   Elf:2 :   Elf:3 ?   Shoals:2 [   Vaults:2 (   Vaults:4 =(
Vaults:5 (   Depths:2 }=}

Portals:
Hell: Depths:1 Depths:2 Depths:3 Depths:4 Depths:5
Abyss: Depths:1 Depths:4 Depths:5
Pandemonium: Depths:2 Depths:3 Depths:4 Depths:5
Ziggurat: D:15

Annotations:
D:7 2 transporters, Necrophagist's ghost, novice GnIE
Spider:3 1 runed translucent door, KristoblXynda's ghost, adept TrMo
Elf:2 3 runed translucent doors
Depths:1 2 runed translucent doors
Pan Lom Lobon


Innate Abilities, Weirdness & Mutations

You are resistant to torment.
Your stone body is resilient. (AC +20)
You are immune to poison.
Your large and strong wings let you fly indefinitely.
You resist negative energy. (rN+)
You are resistant to electric shocks. (rElec)
You can survive without breathing.
You are immune to petrification.
You are immune to rotting.
You are partially covered in molten scales. (AC +2)
You possess an exceptional clarity of mind.
Your body sometimes deteriorates upon taking damage.
Your movements are slightly less encumbered by armour. (ER -2)


Message History

The blast of lightning engulfs the ball lightning.
The ball lightning completely resists.
The ball lightning explodes!
The blast of lightning engulfs the ball lightning.
The ball lightning completely resists.
The blast of lightning engulfs Lom Lobon.
Lom Lobon completely resists.
The blast of lightning engulfs the blizzard demon.
The blizzard demon completely resists.
The blast of lightning engulfs you. You resist.
* * * LOW HITPOINT WARNING * * *
Lom Lobon screams, "Thy head shall be my curdle!"
You hear a chilling moan.
Unknown command.
Press: ? - help, Dir - move target cursor, p - Lom Lobon
As you read the scroll of blinking, it crumbles to dust.
The ice encasing you melts away.
The blizzard demon waves its arms in wide circles.
The air twists around and violently strikes you in flight!!
You die...

,,≈≈**≈≈**,**≈≈≈≈#.*≈≈≈≈#*.##≈≈**
,,≈≈*≈≈≈*,..#≈≈≈≈#.#≈≈≈≈#...*≈≈≈*
,,≈≈*≈≈≈**,'#≈≈≈≈#°#≈≈☼≈#'.**≈≈≈*
,,≈≈*≈≈≈≈*##.≈≈≈##○##○°≈.###≈≈≈≈*
,,≈≈**≈≈≈≈≈≈≈.≈##.°°##≈.≈≈≈≈≈≈≈**
,,,≈≈**≈≈≈≈≈≈≈.....§☼§§≈≈≈≈≈≈≈**≈
*,,,≈≈**≈≈≈≈≈#....°§?§§#≈≈≈≈≈**≈≈
**,,,≈≈**≈≈≈##.........##≈≈≈**≈≈,
≈**,,,,,***##...@..○..2°#####,,,,
≈≈*,,,,,*.............&.°.°.#,,,,
≈**,,,,,*####.......*...#####,,,,
**,,,≈≈**≈≈≈##v....).°.##≈≈≈##≈≈,
*,,,≈≈**≈≈≈≈≈#.........#§≈≈≈≈#*≈≈
,,,≈≈**≈≈≈≈≈≈≈..)......≈§≈≈≈≈≈**≈
,,≈≈**≈≈≈≈≈≈≈.≈##...##≈.§v≈≈≈≈≈**
,,≈≈*≈≈≈≈**#.≈≈≈##.##≈≈≈§###≈≈≈≈*
,,≈≈*≈≈≈**,+#≈≈≈≈#°#§§§§#+,**≈≈≈*


You could see Lom Lobon (gusty), a blizzard demon, a ball lightning and a
friendly fire vortex.

Vanquished Creatures
  the Royal Jelly (Slime:5)
  Gloorx Vloq (Pan)
  Mnoleg (Pan)
  Tiamat (Zot:4)
  9 orbs of fire
  Mara (Vaults:4)
  Mennas (Pan)
  12 ancient liches
  23 juggernauts
  Sojobo (Vaults:3)
  3 shard shrikes (Zig:22)
  11 Killer Klowns
  Bai Suzhen (Vaults:3)
  4 caustic shrikes (Depths:4)
  Margery (Vaults:3)
  Geryon (Hell)
  A golden dragon (shapeshifter) (Zig:19)
  5 curse toes
  26 golden dragons
  the Enchantress (Depths:3)
  2 pearl dragons (Zig:13)
  2 bone dragons
  3 Brimstone Fiends (Pan)
  2 electric golems (Zot:5)
  4 iron giants (Zig:26)
  24 tentacled monstrosities
  The ghost of Vusucy the Earth Mage, an adept GrEE of Sif Muna (Vaults:3)
  A hellephant (Abyss:1)
  2 Hell Sentinels
  13 liches
  Rupert (Lair:3)
  3 Ice Fiends
  4 deep elf master archers
  25 Orb Guardians (Zot:5)
  16 titans
  2 deep elf blademasters (Elf:3)
  Asterion (Elf:2)
  7 quicksilver dragons
  A kraken (Shoals:4)
  37 acid blobs
  11 death cobs
  14 Executioners
  An eldritch tentacle (Pan)
  3 ancient champions
  7 tentacled starspawn
  14 sphinxes
  2 thorn hunters (Zig:11)
  Gastronok (Lair:3)
  12 shadow dragons
  Donald (Vaults:3)
  11 storm dragons
  12 pandemonium lords
  13 tengu reavers
  A shadow dragon (shapeshifter) (Zig:19)
  8 nagarajas
  An azure jelly (shapeshifter) (Zig:19)
  8 revenants
  7 fire giants
  12 draconian monks
  28 azure jellies
  A black sun (Pan)
  4 draconian knights
  Aizul (Spider:4)
  4 daevas (Zig:13)
  Louise (D:15)
  4 curse skulls
  15 frost giants
  15 deep elf sorcerers
  6 draconian scorchers
  7 ghost moths
  4 balrugs
  3 caustic shrike zombies
  27 vault wardens
  3 iron dragons
  6 deep elf elementalists
  14 orc warlords
  2 emperor scorpions (Spider:4)
  3 ghouls
  4 juggernaut zombies
  4 draconian stormcallers
  5 angels (Zig:13)
  7 draconian shifters
  2 caustic shrike skeletons (Zig:22)
  13 cacodemons
  48 very ugly things
  18 ironheart preservers
  3 blood saints
  5 draconian annihilators
  The ghost of hemabe71 the Covert, a journeyman HuAr of Trog (Depths:1)
  4 spriggan defenders
  13 war gargoyles
  18 reapers
  4 ophanim (Zig:13)
  38 stone giants
  8 green draconians
  6 entropy weavers
  An apis (Zig:13)
  16 deep elf demonologists
  14 vampire knights
  15 red draconians
  14 black draconians
  6 corrupters (Pan)
  9 purple draconians
  12 yellow draconians
  18 deep elf annihilators
  13 ettins
  A spark wasp (shapeshifter) (Zig:27)
  3 spark wasps
  2 pale draconians (Depths:5)
  2 eidola
  13 lorocyprocas
  10 white draconians
  5 blizzard demons
  16 green deaths
  3 crystal guardians (Crypt:3)
  10 merfolk javelineers
  2 quicksilver dragon zombies
  12 death oozes
  9 deep elf death magi
  Josephine (D:15)
  18 yaktaur captains
  12 fire dragons
  4 jiangshi
  16 ogre magi
  7 rakshasas
  7 merfolk impalers
  8 deep elf high priests
  14 ice dragons
  32 vault guards
  3 monstrous demonspawn (Pan)
  A quicksilver dragon skeleton (Pan)
  18 great orbs of eyes
  6 hydras
  A caustic shrike simulacrum (Depths:1)
  11 hell beasts
  4 naga warriors
  5 spriggan air magi
  45 two-headed ogres
  5 death knights
  2 shambling mangroves (Zig:11)
  4 merfolk avatars
  10 merfolk aquamancers
  An alligator (Zig:11)
  2 alligator snapping turtles
  6 anacondas
  A death yak (shapeshifter) (Zig:18)
  5 deep troll earth magi
  A satyr (Shoals:3)
  6 tengu warriors
  2 deep troll shamans
  8 hell hogs
  11 centaur warriors
  6 vampire magi
  3 shock serpents
  A two-headed ogre (shapeshifter) (Elf:1)
  24 dancing weapons
  10 thrashing horrors
  2 shock serpents (shapeshifter)
  22 orc high priests
  5 titan zombies
  21 sun demons
  A death yak (IceCv)
  An iron golem (Hell)
  7 naga sharpshooters
  7 spriggan berserkers
  14 hell knights
  2 storm dragon zombies (Zig:22)
  Urug (Lair:2)
  11 wretched stars
  4 salamander mystics
  19 iron trolls
  24 deep elf knights
  16 soul eaters
  10 shadow wraiths
  A golden dragon zombie (Zig:26)
  A fire crab (shapeshifter) (Vaults:5)
  4 titan skeletons
  66 large abominations
  3 spatial maelstroms (Zig:25)
  15 sixfirhies
  6 cherubim (Zig:13)
  8 sea snakes
  21 deep trolls
  4 gelid demonspawn
  An anaconda zombie (Hell)
  5 torturous demonspawn
  A death drake (Zig:25)
  61 skeletal warriors
  A deep troll (shapeshifter) (Depths:5)
  A ghost moth zombie (Crypt:2)
  6 flayed ghosts
  4 tengu zombies
  3 naga ritualists
  4 shadow demons
  8 glowing orange brains
  2 spriggan druids (Zig:11)
  5 unseen horrors
  16 deep elf archers
  A swamp dragon (Zig:11)
  An obsidian statue (Zot:5)
  12 ironbrand convokers
  16 orc knights
  12 wizards
  Pikel (D:6)
  3 golden dragon skeletons
  An anaconda skeleton (Hell)
  2 iron dragon zombies (Zig:22)
  8 harpies
  2 orange crystal statues (Zig:12)
  6 phantasmal warriors
  13 orb spiders
  2 shadow dragon zombies (Zig:26)
  4 sphinx zombies
  67 ugly things
  37 wolf spiders
  2 wolf spider zombies
  17 necromancers
  67 deep elf magi
  5 mana vipers
  19 shining eyes
  A glowing shapeshifter (Depths:2)
  A shadow dragon skeleton (Pan)
  A cyclops (shapeshifter) (Zig:18)
  5 salamanders
  19 manticores
  23 orc sorcerers
  A fire giant zombie (Crypt:3)
  9 oklob plants
  A wolf spider (shapeshifter) (Zig:18)
  6 cyclopes
  27 moths of wrath
  An elephant (shapeshifter) (Zig:19)
  10 fauns
  2 fire giant skeletons
  2 black mambas (shapeshifter)
  A centaur zombie (D:13)
  A moth of wrath (shapeshifter) (Zig:18)
  2 stone giant skeletons
  13 vault sentinels
  2 iron dragon skeletons
  4 elephants
  2 worldbinders
  12 black mambas
  8 guardian serpents
  19 rust devils
  14 merfolk sirens
  5 naga magi
  3 apocalypse crabs
  4 ice statues
  A molten gargoyle (Hell)
  9 water nymphs
  6 eyes of devastation
  8 elf zombies
  4 orange demons
  Joseph (D:9)
  2 centaur skeletons (D:15)
  16 cane toads
  2 eyes of devastation (shapeshifter)
  A pale draconian zombie (Crypt:1)
  36 smoke demons
  A titan simulacrum (Depths:1)
  A dire elephant skeleton (Pan)
  A storm dragon simulacrum (Abyss:2)
  5 gargoyles
  2 torpor snails
  5 elf skeletons
  A minotaur zombie (Crypt:2)
  46 yaktaurs
  11 freezing wraiths
  3 hellions
  5 efreet
  5 komodo dragons
  15 demonic crawlers
  A spark wasp simulacrum (Depths:1)
  3 rime drakes
  7 ice devils
  A redback zombie (Crypt:1)
  20 tormentors
  3 tengu conjurers
  3 merfolk (shapeshifter)
  A harpy zombie (D:15)
  A death drake zombie (Crypt:2)
  3 hellwings
  8 ancient zymes
  An anaconda simulacrum (Hell)
  5 trolls
  5 spriggan skeletons
  11 red devils
  A queen bee (shapeshifter) (Vaults:1)
  3 meliai (D:15)
  A tyrant leech (Zig:11)
  25 polar bears
  2 polar bears (shapeshifter)
  28 jumping spiders
  44 merfolk
  3 meliai (shapeshifter)
  2 tengu simulacra
  26 hornets
  6 wind drakes
  A blink frog (shapeshifter) (Elf:1)
  118 slime creatures
  A hornet (shapeshifter) (Depths:1)
  14 raiju
  4 spriggan zombies
  A hippogriff (shapeshifter) (Zig:27)
  4 hydra skeletons
  A raiju (shapeshifter) (D:14)
  24 blink frogs
  A deep troll zombie (Depths:1)
  4 harpy skeletons
  A frost giant simulacrum (Vaults:1)
  11 hippogriffs
  5 dream sheep
  3 ice dragon zombies (Crypt:3)
  A bog body (Zig:11)
  An alligator zombie (Hell)
  14 snapping turtles
  A stone giant simulacrum (Depths:1)
  2 fire dragon zombies
  2 ettin zombies (Hell)
  A human simulacrum (Vaults:1)
  2 ice dragon skeletons
  A spriggan (shapeshifter) (Zig:25)
  38 flying skulls
  Sigmund (D:6)
  A vampire (Abyss:1)
  An alligator skeleton (Crypt:2)
  4 air elementals
  3 shadows
  23 tarantellas
  A centaur simulacrum (D:15)
  An ettin skeleton (Pan)
  68 redbacks
  2 fire dragon skeletons
  19 ynoxinuls
  19 spriggans
  21 water elementals
  18 wraiths
  3 wyverns
  56 yaks
  A redback (shapeshifter) (Depths:4)
  A yak (shapeshifter) (Zig:27)
  9 golden eyes
  16 chaos spawn
  8 fire elementals
  2 humans (shapeshifter) (Depths:2)
  A steam dragon (shapeshifter) (Vaults:5)
  5 fire bats
  23 neqoxecs
  Grum (Lair:1)
  A wyvern (shapeshifter) (Zig:27)
  A golden eye (shapeshifter) (Zig:25)
  3 steam dragons (Depths:5)
  A yaktaur simulacrum (Depths:1)
  2 basilisks
  4 vampire mosquitoes
  2 soldier ants
  16 wargs
  3 insubstantial wisps (Abyss:2)
  A warg (shapeshifter) (D:11)
  2 swamp worms (shapeshifter) (Zig:19)
  5 acid dragons
  3 nagas
  A naga (shapeshifter) (Depths:1)
  5 hell hounds (Hell)
  A floating eye (shapeshifter) (Depths:4)
  A water moccasin (shapeshifter) (Vaults:5)
  A cane toad zombie (Hell)
  7 porcupines
  14 water moccasins
  5 floating eyes
  2 swamp drakes (Zig:11)
  A sky beast (shapeshifter) (Zig:25)
  2 sky beasts
  A black bear (shapeshifter) (Zig:27)
  A hornet zombie (D:15)
  3 cane toad skeletons
  7 ice beasts
  An ettin simulacrum (Depths:1)
  A swamp dragon zombie (Crypt:3)
  20 eyes of draining
  2 necrophages (Crypt:3)
  60 orc warriors
  A phantom (D:8)
  4 black bears
  48 ogres
  22 boggarts
  27 centaurs
  A snapping turtle skeleton (Pan)
  42 wolves
  3 lemures (D:6)
  15 crocodiles
  2 big kobolds
  A draconian zombie (Crypt:2)
  A hippogriff zombie (Crypt:1)
  Blork the orc (D:6)
  11 bullfrogs
  A glowing shapeshifter simulacrum (Depths:1)
  2 earth elementals
  A wyvern zombie (D:14)
  35 small abominations
  3 wyvern skeletons
  2 scorpions
  A polar bear zombie (Crypt:1)
  5 killer bees (D:7)
  A snapping turtle simulacrum (Hell)
  13 wights
  A raiju skeleton (Crypt:2)
  3 electric eels
  3 crimson imps
  A wolf skeleton (Crypt:1)
  4 quasits
  7 jellies
  32 starcursed masses
  5 hounds
  A human zombie (Crypt:2)
  16 iron imps
  2 bullfrog zombies
  42 orc wizards
  3 bullfrog skeletons
  20 orc priests
  A human skeleton (Pan)
  An iguana (D:9)
  10 worker ants
  5 hell rats
  A porcupine skeleton (Crypt:2)
  A crocodile zombie (Crypt:1)
  A tengu skeleton (Pan)
  A hound zombie (D:6)
  2 hound skeletons (D:11)
  A mummy (Zig:22)
  6 river rats (D:5)
  17 adders
  3 gnolls (D:10)
  A swamp drake zombie (Crypt:2)
  3 shadow imps
  16 white imps
  10 ufetubi
  2 oozes
  An adder zombie (D:7)
  A worm (D:3)
  13 ball lightnings (Pan)
  A dart slug (D:4)
  3 leopard geckos
  90 orcs
  3 bats
  4 giant cockroaches
  10 goblins
  10 hobgoblins
  25 jackals
  33 kobolds
  5 quokkas
  2 ball pythons
  5 frilled lizards
  A frilled lizard zombie (Crypt:1)
  A goblin zombie (Crypt:2)
  A jackal zombie (D:5)
  A kobold zombie (Crypt:3)
  A leopard gecko zombie (D:9)
  19 rats
  8 blocks of ice
  20 bushes (Zot:1)
  2 crawling corpses (Elf:3)
  39 fire vortices
  28 fungi
  3 macabre masses (Abyss:3)
  42 plants
  5 starspawn tentacles
  4 tentacles (Shoals:4)
  A withered plant (D:15)
4174 creatures vanquished.

Vanquished Creatures (collateral kills)
  3 acid blobs
  An azure jelly (Zig:20)
  A stone giant (Depths:5)
  A starcursed mass (Zig:25)
  A naga warrior (Zig:4)
  A shining eye (Zig:23)
  An orange demon (Zig:25)
  A rime drake (Lair:3)
  3 slime creatures
  A starspawn tentacle (Zig:25)
14 creatures vanquished.

Vanquished Creatures (others)
  2 Executioners (Pan)
  A blizzard demon (Pan)
  A queen ant (shapeshifter) (Zig:19)
  2 wizards (Pan)
  A salamander (shapeshifter) (Zig:19)
  An apocalypse crab (Zig:19)
  2 demonic crawlers
  22 ball lightnings (Pan)
  7 blocks of ice
  A bush (Lair:4)
  178 fire vortices
  9 fungi
  44 plants
  4 starspawn tentacles
  3 withered plants
278 creatures vanquished.

Grand Total: 4466 creatures vanquished

Notes
Turn   | Place    | Note
-------+----------+-------------------------------------------
     0 | D:1      | Zarlindeir the Gargoyle Earth Elementalist began the quest
                  | for the Orb.
     0 | D:1      | Reached XP level 1. HP: 10/10 MP: 3/3
   168 | D:1      | Reached XP level 2. HP: 12/15 MP: 3/5
   686 | D:1      | Reached XP level 3. HP: 12/19 MP: 6/6
   691 | D:1      | Learned a level 3 spell: Stone Arrow
  1344 | D:2      | Found a faded altar of an unknown god.
  1780 | D:2      | Reached skill level 1 in Conjurations
  1829 | D:2      | Reached XP level 4. HP: 24/24 MP: 8/8
  2420 | D:3      | Reached skill level 5 in Earth Magic
  2800 | D:3      | Reached XP level 5. HP: 16/28 MP: 10/10
  2807 | D:3      | Learned a level 5 spell: Lee's Rapid Deconstruction
  3107 | D:4      | Got a pair of transparent boots
  3118 | D:4      | Identified the +2 pair of boots of Going Fast {rPois Int+4}
                  | (You found it on level 4 of the Dungeon)
  3689 | D:4      | You fall into a shaft and drop 1 floor!
  3689 | D:5      | Entered Level 5 of the Dungeon
  3805 | D:5      | Reached XP level 6. HP: 28/32 MP: 11/11
  3865 | D:5      | Found a staircase to the Ecumenical Temple.
  3900 | Temple   | Entered the Ecumenical Temple
  3954 | Temple   | Became a worshipper of Vehumet
  4464 | D:4      | Reached XP level 7. HP: 25/36 MP: 13/13
  5273 | D:5      | Reached * piety under Vehumet
  5273 | D:5      | Offered knowledge of Foxfire by Vehumet.
  5551 | D:5      | Found the +2 ratskin cloak {+Rats rPois rN+ Str-1 Int-1
                  | Dex+1}
  6209 | D:6      | Reached skill level 5 in Spellcasting
  6245 | D:6      | Reached skill level 5 in Conjurations
  6245 | D:6      | Reached XP level 8. HP: 33/41 MP: 15/15
  6302 | D:6      | Noticed Pikel
  6341 | D:6      | Killed Pikel
  6341 | D:6      | Offered knowledge of Magic Dart by Vehumet.
  6580 | D:6      | Reached ** piety under Vehumet
  6845 | D:6      | Reached skill level 1 in Fighting
  6845 | D:6      | Reached skill level 1 in Maces & Flails
  6845 | D:6      | Reached skill level 1 in Armour
  6925 | D:6      | Noticed Sigmund
  6929 | D:6      | Noticed Blork the orc
  7144 | D:6      | Killed Sigmund
  7144 | D:6      | Reached skill level 1 in Evocations
  7144 | D:6      | Reached XP level 9. HP: 40/47 MP: 18/18
  7190 | D:6      | Killed Blork the orc
  7205 | D:6      | Found a stormy altar of Qazlal.
  7452 | D:7      | Got a brightly glowing robe
  7463 | D:7      | Identified the cursed +0 robe of the Ladybird {rC+ Str+6
                  | Int+3} (You found it on level 7 of the Dungeon)
  7506 | D:7      | Found a transporter.
  7516 | D:7      | Noticed Necrophagist's ghost (novice GnIE)
  7520 | D:7      | Noticed a moth of wrath
  7807 | D:7      | Found a transporter.
  7916 | D:7      | Offered knowledge of Ignite Poison by Vehumet.
  8427 | D:8      | Noticed a two-headed ogre
  8745 | D:8      | Found a staircase to the Lair.
  8784 | D:8      | Reached *** piety under Vehumet
  8787 | D:8      | Killed a two-headed ogre
  8787 | D:8      | Reached XP level 10. HP: 56/56 MP: 9/19
  9005 | D:8      | Offered knowledge of Iskenderun's Mystic Blast by Vehumet.
  9333 | D:8      | Learned a level 5 spell: Fireball
  9393 | D:8      | Learned a level 2 spell: Passwall
 10132 | D:9      | Noticed Joseph
 10186 | D:9      | Killed Joseph
 10186 | D:9      | Reached skill level 1 in Fire Magic
 10763 | D:9      | Reached XP level 11. HP: 28/62 MP: 21/21
 11062 | D:9      | Reached **** piety under Vehumet
 11210 | D:9      | Offered knowledge of Irradiate by Vehumet.
 11224 | D:9      | Learned a level 5 spell: Irradiate
 11430 | D:10     | Entered Level 10 of the Dungeon
 12359 | D:10     | Reached skill level 5 in Armour
 12366 | D:10     | Found a staircase to the Orcish Mines.
 12829 | D:11     | Noticed a six-headed hydra
 12837 | D:11     | Killed a six-headed hydra
 12837 | D:11     | Reached skill level 5 in Fighting
 12916 | D:11     | Noticed a two-headed ogre
 12918 | D:11     | Reached skill level 10 in Earth Magic
 12924 | D:11     | Killed a two-headed ogre
 13110 | D:11     | Reached skill level 5 in Maces & Flails
 13551 | D:11     | Reached skill level 5 in Fire Magic
 13665 | D:11     | Got a masterwork quarterstaff
 13666 | D:11     | Identified the cursed +0 quarterstaff "Roqonour" {speed,
                  | rPois} (You found it on level 11 of the Dungeon)
 13730 | D:11     | Noticed a centaur warrior
 13773 | D:11     | Killed a centaur warrior
 13773 | D:11     | Reached XP level 12. HP: 33/68 MP: 23/23
 14155 | D:11     | Upgraded the game from 0.26-a0-438-g4b1dca4f87 to
                  | 0.26-a0-450-ge645bd13c1
 14180 | D:12     | Noticed an ice dragon
 14181 | D:12     | Found the +8 frozen axe "Frostbite" {freezing cloud, *Noise
                  | +Fly rC+}
 14183 | D:12     | Reached ***** piety under Vehumet
 14188 | D:12     | Killed an ice dragon
 14194 | D:12     | Reached skill level 5 in Dodging
 14465 | D:12     | Reached skill level 5 in Evocations
 14529 | D:12     | Offered knowledge of Conjure Ball Lightning by Vehumet.
 16073 | D:13     | Gained mutation: You have a pair of small horns on your
                  | head. [potion of mutation]
 16073 | D:13     | Gained mutation: You occasionally shout uncontrollably at
                  | your foes. [potion of mutation]
 16073 | D:13     | Gained mutation: You have sharp toenails. [potion of
                  | mutation]
 16074 | D:13     | Lost mutation: You have sharp toenails. [potion of
                  | mutation]
 16074 | D:13     | Lost mutation: You have a pair of small horns on your head.
                  | [potion of mutation]
 16074 | D:13     | Lost mutation: You occasionally shout uncontrollably at
                  | your foes. [potion of mutation]
 16074 | D:13     | Gained mutation: Your skin changes colour to match your
                  | surroundings (Stealth+). [potion of mutation]
 16074 | D:13     | Gained mutation: You do not regenerate when monsters are
                  | visible. [potion of mutation]
 16074 | D:13     | Gained mutation: You have a pair of small horns on your
                  | head. [potion of mutation]
 16182 | D:13     | Noticed a centaur warrior
 16195 | D:13     | Killed a centaur warrior
 16465 | D:13     | Reached XP level 13. HP: 71/76 MP: 21/25
 17151 | D:13     | Found a gate to the Vaults.
 17749 | D:14     | Lost mutation: You have a pair of small horns on your head.
                  | [potion of mutation]
 17749 | D:14     | Lost mutation: Your skin changes colour to match your
                  | surroundings (Stealth+). [potion of mutation]
 17749 | D:14     | Gained mutation: Your mind is acute. (Int +2) [potion of
                  | mutation]
 17749 | D:14     | Gained mutation: You are robust. (+10% HP) [potion of
                  | mutation]
 17749 | D:14     | Gained mutation: You possess an exceptional clarity of
                  | mind. [potion of mutation]
 18309 | D:14     | Found a sacrificial altar of Ru.
 18594 | Lair:1   | Entered Level 1 of the Lair of Beasts
 18647 | Lair:1   | Noticed Grum
 18659 | Lair:1   | Killed Grum
 20019 | Lair:2   | Got a twisted morningstar
 20020 | Lair:2   | Identified the cursed +1 morningstar "Veutizuk" {flame,
                  | *Drain rPois MR+++ Str-5} (You found it on level 2 of the
                  | Lair of Beasts)
 20193 | Lair:2   | Noticed Urug
 20202 | Lair:2   | Killed Urug
 20418 | Lair:2   | Found an ornate altar of the Wu Jian Council.
 21178 | Lair:2   | Reached skill level 10 in Conjurations
 21209 | Lair:2   | Gained mutation: Your large and strong wings let you fly
                  | indefinitely. [Gargoyle growth]
 21209 | Lair:2   | Reached XP level 14. HP: 90/91 MP: 27/27
 22132 | Lair:3   | Noticed Gastronok
 22146 | Lair:3   | Killed Gastronok
 22149 | Lair:3   | Noticed Rupert
 22366 | Lair:3   | Found a staircase to the Shoals.
 22452 | Lair:3   | Killed Rupert
 22472 | Lair:3   | Lost mutation: You do not regenerate when monsters are
                  | visible. [potion of mutation]
 22472 | Lair:3   | Lost mutation: You are robust. (+10% HP) [potion of
                  | mutation]
 22472 | Lair:3   | Lost mutation: You possess an exceptional clarity of mind.
                  | [potion of mutation]
 22472 | Lair:3   | Gained mutation: You are partially covered in thin metallic
                  | scales. (AC +2) [potion of mutation]
 22472 | Lair:3   | Gained mutation: You are agile. (Dex +2) [potion of
                  | mutation]
 22472 | Lair:3   | Gained mutation: You passively map a small area around you.
                  | [potion of mutation]
 22472 | Lair:3   | Gained mutation: You have a somewhat thin skeletal
                  | structure. (Dex +2, Stealth) [potion of mutation]
 22580 | Lair:3   | Found a glowing golden altar of the Shining One.
 22975 | Lair:3   | You fall into a shaft and drop 2 floors!
 23034 | Lair:4   | Found a hole to the Spider Nest.
 23068 | Lair:4   | Found a frozen archway.
 23077 | IceCv    | Entered an ice cave
 24059 | IceCv    | Reached skill level 10 in Fire Magic
 24268 | IceCv    | Noticed a frost giant
 24276 | IceCv    | Killed a frost giant
 24627 | Lair:4   | Offered knowledge of Hailstorm by Vehumet.
 25018 | Lair:4   | Reached XP level 15. HP: 58/89 MP: 28/28
 26810 | Lair:5   | Found a sacrificial altar of Ru.
 27200 | Lair:6   | Entered Level 6 of the Lair of Beasts
 27200 | Lair:6   | Found a staircase to the Slime Pits.
 27231 | Lair:6   | Identified a scroll of acquirement
 27232 | Lair:6   | Acquired the +7 dire flail "Kuceh" {venom, rC+ rN+ Str-4
                  | Int+7}
 27564 | Lair:6   | Offered knowledge of Bolt of Magma by Vehumet.
 27801 | Lair:6   | Found the ring of Phasing {EV+8}
 28492 | Lair:6   | Reached skill level 10 in Spellcasting
 29083 | Orc:1    | Entered Level 1 of the Orcish Mines
 30178 | Orc:2    | Entered Level 2 of the Orcish Mines
 30475 | Orc:2    | Found Leegecen's Book Shoppe.
 30493 | Orc:2    | Bought a book of the Earth for 975 gold pieces
 30500 | Orc:2    | Learned a level 6 spell: Iron Shot
 30548 | Orc:2    | Found Zarchooff's Antique Weapon Emporium.
 30607 | Orc:2    | Found an ancient bone altar of Kikubaaqudgha.
 30618 | Orc:2    | Offered knowledge of Spellforged Servitor by Vehumet.
 30797 | Orc:2    | Found Kihiucu's Magic Scroll Emporium.
 30807 | Orc:2    | Found a radiant altar of Vehumet.
 30811 | Orc:2    | Paralysed by an orc sorcerer for 5 turns
 30901 | Orc:2    | Found a roughly hewn altar of Beogh.
 30902 | Orc:2    | Reached ****** piety under Vehumet
 30986 | Orc:2    | Found Todisho's Distillery.
 31000 | Orc:2    | Bought a potion of resistance for 170 gold pieces
 31000 | Orc:2    | Bought a potion of curing for 51 gold pieces
 31000 | Orc:2    | Bought 2 potions of magic for 272 gold pieces
 31000 | Orc:2    | Bought 2 potions of curing for 102 gold pieces
 31000 | Orc:2    | Bought a potion of heal wounds for 85 gold pieces
 31140 | Orc:2    | Found a staircase to the Elven Halls.
 31769 | D:15     | Entered Level 15 of the Dungeon
 31769 | D:15     | Found a shattered altar of Ashenzari.
 32054 | D:15     | Noticed Josephine
 32068 | D:15     | Killed Josephine
 32354 | D:15     | Reached XP level 16. HP: 32/97 MP: 20/30
 32608 | D:15     | Found a staircase to the Depths.
 32678 | D:15     | Noticed Louise
 32711 | D:15     | Killed Louise
 32725 | D:15     | Reached skill level 10 in Fighting
 33722 | Shoals:1 | Entered Level 1 of the Shoals
 33944 | Shoals:1 | Offered knowledge of Orb of Destruction by Vehumet.
 35774 | Shoals:2 | Found Xoilosm's Antique Armour Emporium.
 36640 | Shoals:3 | Reached skill level 10 in Maces & Flails
 37362 | Spider:1 | Entered Level 1 of the Spider Nest
 37644 | Spider:1 | Acquired 1170 gold pieces
 37913 | Orc:2    | Bought a book of the Tempests for 1050 gold pieces
 37922 | Orc:2    | Learned a level 8 spell: Ignition
 38618 | Spider:2 | Reached XP level 17. HP: 100/103 MP: 31/31
 38691 | Spider:2 | Offered knowledge of Iskenderun's Battlesphere by Vehumet.
 39448 | Spider:3 | Found a transporter.
 39480 | Spider:3 | Found a transporter.
 39483 | Spider:3 | Got a vibrating iron ring
 39488 | Spider:3 | Got a sparkling lapis lazuli ring
 39492 | Spider:3 | Identified the ring "Zewos" {+Fly rPois rF+ Int+3 SInv}
                  | (You found it on level 3 of the Spider Nest)
 39497 | Spider:3 | Identified the cursed ring of Nothel {rF- MR+ MP+9 Slay-4}
                  | (You found it on level 3 of the Spider Nest)
 39509 | Spider:3 | Got a brightly glowing pewter ring
 39510 | Spider:3 | Identified the cursed ring of the Philosopher {Str+5 Int-4}
                  | (You found it on level 3 of the Spider Nest)
 39510 | Spider:3 | Gained mutation: You occasionally shout uncontrollably at
                  | your foes. [mutagenic glow]
 39571 | Spider:3 | Gained mutation: You sometimes yell uncontrollably at your
                  | foes. [mutagenic glow]
 40449 | Spider:3 | Found a runed translucent door.
 40449 | Spider:3 | Noticed KristoblXynda's ghost (adept TrMo)
 41007 | Elf:1    | Entered Level 1 of the Elven Halls
 41378 | Elf:1    | Identified the Handbook of Confrontation
 41421 | Elf:1    | Offered knowledge of Starburst by Vehumet.
 42209 | Elf:2    | Noticed Asterion
 42214 | Elf:2    | Killed Asterion
 42333 | Elf:2    | Reached XP level 18. HP: 93/110 MP: 13/33
 42369 | Elf:2    | Found Lepeboba's Book Boutique.
 42633 | Elf:2    | Found a runed translucent gate.
 42633 | Elf:2    | Found a runed translucent gate.
 42634 | Elf:2    | Found a runed translucent gate.
 42679 | Elf:2    | Found a shimmering blue altar of Sif Muna.
 43125 | Elf:3    | Entered Level 3 of the Elven Halls
 43125 | Elf:3    | Found Woypna Bubug's Magic Scroll Shop.
 43424 | Elf:3    | Learned a level 6 spell: Starburst
 43659 | Elf:3    | Found a radiant altar of Vehumet.
 44053 | Elf:3    | Noticed a deep elf master archer
 44059 | Elf:3    | Killed a deep elf master archer
 44068 | Elf:3    | Noticed a deep elf blademaster
 44071 | Elf:3    | Killed a deep elf blademaster
 44071 | Elf:3    | Reached skill level 15 in Earth Magic
 44076 | Elf:3    | Identified the +7 plate armour of Apathy {+Inv Stlth+}
 44082 | Elf:3    | Noticed a deep elf blademaster
 44085 | Elf:3    | Reached skill level 10 in Dodging
 44085 | Elf:3    | Reached XP level 19. HP: 51/116 MP: 7/35
 44088 | Elf:3    | Reached skill level 15 in Fire Magic
 44981 | Elf:3    | Found the amulet of the Air {Inacc +Fly rElec EV+5 RMsl}
 45019 | Elf:3    | Identified the +9 dire flail "Lirphuir" {drain, +Blink
                  | rF+++ rC- Stlth-} (You found it on level 3 of the Elven
                  | Halls)
 45026 | Elf:3    | Identified Koesir's Incunabulum of Arcane Weapons and Clay
 45078 | Elf:3    | Acquired 520 gold pieces
 45084 | Elf:3    | Got a steaming bronze ring
 45085 | Elf:3    | Identified the ring of the Moon {*Corrode rPois MR+ Dex+4}
                  | (You found it on level 3 of the Elven Halls)
 45112 | Elf:3    | Got a faintly glowing copper amulet
 45113 | Elf:3    | Identified the amulet of the Magpie {RegenMP rF+ rN+} (You
                  | found it on level 3 of the Elven Halls)
 45128 | Elf:3    | Identified Zokagobe's Reference Book on Mutagenic Evil
                  | Rites
 45133 | Elf:3    | Identified the +7 morningstar of Rihaym {elec, +Fly rElec
                  | rC- Stlth-} (You found it on level 3 of the Elven Halls)
 45584 | Shoals:4 | Entered Level 4 of the Shoals
 45623 | Shoals:4 | Found the amulet of Vitality {Regen+ HP+15}
 45789 | Shoals:4 | Offered knowledge of Fire Storm by Vehumet.
 45789 | Shoals:4 | Offered knowledge of Chain Lightning by Vehumet.
 45789 | Shoals:4 | Offered knowledge of Absolute Zero by Vehumet.
 45819 | Shoals:4 | Got a barnacled rune of Zot
 47370 | Spider:4 | Entered Level 4 of the Spider Nest
 47643 | Spider:4 | Noticed Aizul
 47670 | Spider:4 | Killed Aizul
 47904 | Spider:4 | Reached XP level 20. HP: 90/124 MP: 36/36
 48063 | Spider:4 | Got a gossamer rune of Zot
 48728 | Vaults:1 | Entered Level 1 of the Vaults
 50662 | Vaults:2 | Found Yloentyu's Weapon Boutique.
 50827 | Vaults:2 | Found the -2 hat of the Alchemist {rElec rPois rF+ rC+ rN+
                  | MR+ rMut rCorr}
 50906 | Vaults:2 | Reached XP level 21. HP: 106/130 MP: 32/38
 51359 | Vaults:2 | Learned a level 9 spell: Shatter
 51840 | Vaults:2 | Found the +8 longbow "Zephyr" {speed, Dex+3 SInv}
 52975 | Vaults:3 | Noticed Bai Suzhen
 52982 | Vaults:3 | Killed Bai Suzhen
 52982 | Vaults:3 | Reached skill level 15 in Conjurations
 53165 | Vaults:3 | Noticed Margery
 53198 | Vaults:3 | Killed Margery
 53502 | Vaults:3 | Found a runed translucent gate.
 53502 | Vaults:3 | Found a runed translucent gate.
 53502 | Vaults:3 | Found a runed translucent gate.
 53540 | Vaults:3 | Noticed Donald
 54327 | Vaults:3 | Reached XP level 22. HP: 117/137 MP: 33/39
 54423 | Vaults:3 | Killed Donald
 54506 | Vaults:3 | Noticed Sojobo
 54510 | Vaults:3 | Killed Sojobo
 54898 | Vaults:3 | Found a staircase to the Crypt.
 54933 | Vaults:3 | Noticed Vusucy's ghost (adept GrEE)
 54947 | Vaults:3 | Killed Vusucy's ghost
 54967 | Vaults:3 | Identified the +2 pair of gloves of the Lily {+Blink rC+
                  | MR+ Regen+ Dex+4} (You found it on level 3 of the Vaults)
 55652 | Vaults:4 | Found Suruudae's Jewellery Emporium.
 55700 | Vaults:4 | Noticed Mara
 55767 | Vaults:4 | Killed Mara
 55772 | Vaults:4 | Found Idov's Weapon Emporium.
 56365 | Vaults:5 | Entered Level 5 of the Vaults
 56371 | Vaults:5 | Reached XP level 23. HP: 124/144 MP: 33/41
 56378 | Vaults:4 | Reached skill level 15 in Fighting
 56633 | Vaults:5 | Noticed a golden dragon
 56642 | Vaults:5 | Killed a golden dragon
 56644 | Vaults:5 | Noticed a golden dragon
 56659 | Vaults:5 | Noticed a golden dragon
 56665 | Vaults:5 | Killed a golden dragon
 56674 | Vaults:5 | Killed a golden dragon
 57083 | Vaults:5 | Found the +11 plutonium sword {*Contam Stlth-}
 57116 | Vaults:5 | Identified the Compendium of the Tarantula
 57222 | Vaults:5 | Identified the +6 executioner's axe of the Extremes {venom,
                  | *Slow MR+ Int+3 Dex+4}
 57489 | Vaults:5 | Reached XP level 24. HP: 151/151 MP: 41/41
 57655 | Vaults:5 | Got a silver rune of Zot
 57738 | Vaults:5 | Found Xefoluej's Weapon Shoppe.
 57985 | Crypt:1  | Entered Level 1 of the Crypt
 59083 | Crypt:2  | Identified the +7 dagger "Sodacey" {venom, +Rage rElec
                  | Str+4}
 59374 | Crypt:2  | Found the +12 Vampire's Tooth {vamp}
 60062 | Crypt:3  | Entered Level 3 of the Crypt
 60094 | Crypt:3  | Reached skill level 15 in Maces & Flails
 60339 | Crypt:3  | Noticed an ancient lich
 60343 | Crypt:3  | Killed an ancient lich
 60439 | Crypt:3  | Found an ancient bone altar of Kikubaaqudgha.
 60512 | Crypt:3  | Identified the +1 cloak "Uclo" {rF++ Regen+ Str+2 Dex-5}
                  | (You found it on level 3 of the Crypt)
 60691 | Crypt:3  | Reached skill level 15 in Spellcasting
 61102 | Crypt:3  | Found a staircase to the Tomb.
 61131 | Crypt:3  | Acquired 1840 gold pieces
 61609 | Depths:1 | Entered Level 1 of the Depths
 61687 | Depths:1 | Reached XP level 25. HP: 136/157 MP: 42/42
 61717 | Depths:1 | Learned a level 2 spell: Ensorcelled Hibernation
 61979 | Depths:1 | Found the +3 pair of gauntlets of War {Slay+5}
 61981 | Depths:1 | Identified the ring "Fimmema" {Fire rPois Int-2 Slay+6}
 62029 | Depths:1 | Noticed hemabe71's ghost (journeyman HuAr)
 62110 | Depths:1 | Killed hemabe71's ghost
 62263 | Depths:1 | Found a large runed translucent door.
 62263 | Depths:1 | Found a large runed translucent door.
 62325 | Depths:1 | Learned a level 9 spell: Fire Storm
 62481 | Depths:1 | Found a gateway to Hell.
 62558 | Depths:1 | Found a one-way gate to the infinite horrors of the Abyss.
 63157 | Depths:1 | Identified the +5 cloak of Lethargy {Int+3 Dex+3} (You
                  | found it on level 1 of the Depths)
 63190 | Depths:1 | Upgraded the game from 0.26-a0-450-ge645bd13c1 to
                  | 0.26-a0-451-gacbe401039
 63314 | Depths:2 | Found a runed translucent door.
 63321 | Depths:2 | Identified the ring of Vodka {rElec AC+4 Str+6 Dex-3}
 63401 | Depths:2 | Identified the ring "Meamuj" {rPois Int+3 Dex+9} (You found
                  | it on level 2 of the Depths)
 63769 | Depths:2 | Found a glowing golden altar of the Shining One.
 63893 | Depths:2 | Found Syrirr's Gadget Emporium.
 63894 | Depths:2 | Found Yse Coas's Jewellery Boutique.
 63896 | Depths:2 | Found Rin Dutha's Gadget Emporium.
 63904 | Depths:2 | Bought a wand of clouds (8) for 540 gold pieces
 63908 | Depths:2 | Bought a wand of acid (4) for 208 gold pieces
 63952 | Depths:2 | Found the +3 crown of Dyrovepreva {rElec Int+2 SInv}
 64470 | Depths:2 | Found a one-way gate leading to the halls of Pandemonium.
 64511 | Depths:2 | Gained mutation: Potions are less effective at restoring
                  | your health. [a neqoxec]
 64825 | Depths:3 | Noticed the Enchantress
 64845 | Depths:3 | Killed the Enchantress
 65282 | Depths:3 | Reached XP level 26. HP: 134/165 MP: 29/42
 65293 | Depths:3 | Paralysed by a sphinx for 4 turns
 65325 | Depths:3 | Noticed a juggernaut
 65331 | Depths:3 | Killed a juggernaut
 65780 | Depths:4 | Found a burning altar of Makhleb.
 66024 | Depths:4 | Identified the ring of Generosity {*Corrode rPois Str+9
                  | Stlth+}
 66143 | Depths:4 | Found a gateway to a ziggurat.
 66144 | Depths:4 | Identified the +1 leather armour of Kasogo Qothru {*Drain
                  | rC+ Str+2} (You found it on level 4 of the Depths)
 66271 | Depths:4 | You are sucked into a shaft and drop 1 floor!
 66271 | Depths:5 | Entered Level 5 of the Depths
 66292 | Depths:4 | You are sucked into a shaft and drop 1 floor!
 66624 | Depths:4 | Noticed a juggernaut
 66628 | Depths:4 | Killed a juggernaut
 67474 | Depths:4 | Identified the Incunabulum of the Arsonist
 67738 | Depths:5 | Reached XP level 27. HP: 135/172 MP: 39/43
 68093 | Depths:4 | Learned a level 9 spell: Absolute Zero
 69021 | Depths:5 | Found a gate to the Realm of Zot.
 69416 | Depths:5 | Upgraded the game from 0.26-a0-451-gacbe401039 to
                  | 0.26-a0-466-g989023bd0d
 69792 | Slime:1  | Entered Level 1 of the Pits of Slime
 70093 | Slime:3  | Gained mutation: You are frail. (-10% HP) [a shining eye]
 70140 | Slime:5  | Entered Level 5 of the Pits of Slime
 70162 | Slime:5  | Noticed the Royal Jelly
 70169 | Slime:5  | Killed the Royal Jelly
 70933 | Slime:5  | Got a twitching lapis lazuli ring
 70934 | Slime:5  | Identified the ring of Ugosa {rF- MR- MP+9 Dex+9 Stlth+}
                  | (You found it on level 5 of the Pits of Slime)
 70938 | Slime:5  | Identified the Volume of the Merchant
 71112 | Slime:5  | Got a slimy rune of Zot
 71125 | Slime:5  | Identified the +5 morningstar "Beastslayer" {vamp, rF+ rN++
                  | Int-5 SInv} (You found it on level 5 of the Pits of Slime)
 71486 | Depths:1 | Voluntarily entered the Abyss.
 71848 | Abyss:1  | Found an ancient bone altar of Kikubaaqudgha.
 71920 | Abyss:1  | Found a corrupted altar of Lugonu.
 71929 | Abyss:1  | Found a corrupted altar of Lugonu.
 72424 | Abyss:2  | Reached skill level 10 in Ice Magic
 72724 | Abyss:2  | Found a corrupted altar of Lugonu.
 73016 | Abyss:3  | Gained mutation: Your body sometimes deteriorates upon
                  | taking damage. [a cacodemon]
 73023 | Abyss:3  | Lost mutation: You are agile. (Dex +2) [a shining eye]
 73033 | Abyss:3  | Gained mutation: Your magical capacity is low. (-10% MP) [a
                  | cacodemon]
 73044 | Abyss:3  | Got an abyssal rune of Zot
 73058 | Depths:1 | Escaped the Abyss
 73294 | Depths:1 | Lost mutation: You are frail. (-10% HP) [potion of
                  | mutation]
 73294 | Depths:1 | Lost mutation: Your magical capacity is low. (-10% MP)
                  | [potion of mutation]
 73294 | Depths:1 | Lost mutation: Your mind is acute. (Int +2) [potion of
                  | mutation]
 73294 | Depths:1 | Lost mutation: Your body often deteriorates upon taking
                  | damage. [potion of mutation]
 73294 | Depths:1 | Gained mutation: You are partially covered in molten
                  | scales. (AC +2) [potion of mutation]
 73295 | Depths:1 | Lost mutation: You have a somewhat thin skeletal structure.
                  | (Dex +2, Stealth) [potion of mutation]
 73295 | Depths:1 | Lost mutation: Potions are less effective at restoring your
                  | health. [potion of mutation]
 73295 | Depths:1 | Lost mutation: You sometimes yell uncontrollably at your
                  | foes. [potion of mutation]
 73295 | Depths:1 | Lost mutation: You passively map a small area around you.
                  | [potion of mutation]
 73295 | Depths:1 | Gained mutation: You have sharp toenails. [potion of
                  | mutation]
 73531 | Zot:1    | Entered Level 1 of the Realm of Zot
 73913 | Zot:1    | Noticed an orb of fire
 73919 | Zot:1    | Killed an orb of fire
 73967 | Zot:1    | Noticed an orb of fire
 73968 | Zot:1    | Gained mutation: You are frail. (-10% HP) [an orb of fire]
 73971 | Zot:1    | Killed an orb of fire
 74141 | Zot:1    | Noticed an orb of fire
 74152 | Zot:1    | Gained mutation: You tend to lose your temper in combat.
                  | [an orb of fire]
 74155 | Zot:1    | Gained mutation: You are weak. (Str -2) [an orb of fire]
 74163 | Zot:1    | Gained mutation: Scrolls take you a little longer to read.
                  | [an orb of fire]
 74166 | Zot:1    | Killed an orb of fire
 74166 | Zot:1    | Reached skill level 15 in Dodging
 74218 | Zot:1    | Lost mutation: You are frail. (-10% HP) [potion of
                  | mutation]
 74218 | Zot:1    | Lost mutation: You occasionally shout uncontrollably at
                  | your foes. [potion of mutation]
 74218 | Zot:1    | Lost mutation: You have sharp toenails. [potion of
                  | mutation]
 74218 | Zot:1    | Gained mutation: Your body sometimes deteriorates upon
                  | taking damage. [potion of mutation]
 74218 | Zot:1    | Gained mutation: Your mind is acute. (Int +2) [potion of
                  | mutation]
 74218 | Zot:1    | Gained mutation: You have a somewhat thin skeletal
                  | structure. (Dex +2, Stealth) [potion of mutation]
 74219 | Zot:1    | Lost mutation: Scrolls take you a little longer to read.
                  | [potion of mutation]
 74219 | Zot:1    | Lost mutation: You are weak. (Str -2) [potion of mutation]
 74219 | Zot:1    | Lost mutation: Your body sometimes deteriorates upon taking
                  | damage. [potion of mutation]
 74219 | Zot:1    | Gained mutation: You evolve. [potion of mutation]
 74219 | Zot:1    | Gained mutation: Your natural rate of healing is unusually
                  | fast. [potion of mutation]
 75618 | Zot:2    | Noticed an orb of fire
 75624 | Zot:2    | Killed an orb of fire
 75634 | Zot:2    | Lost mutation: You tend to lose your temper in combat.
                  | [evolution]
 75634 | Zot:2    | Lost mutation: You evolve. [end of evolution]
 77741 | Zot:4    | Identified the +4 dragonskin cloak
 77741 | Zot:4    | Noticed Tiamat
 77751 | Zot:4    | Killed Tiamat
 78400 | Zot:5    | Entered Level 5 of the Realm of Zot
 78832 | Zot:5    | Noticed an ancient lich
 78840 | Zot:5    | Noticed an orb of fire
 78842 | Zot:5    | Noticed an orb of fire
 78850 | Zot:5    | Killed an ancient lich
 78851 | Zot:5    | Killed an orb of fire
 78862 | Zot:5    | Noticed an orb of fire
 78862 | Zot:5    | Noticed an ancient lich
 78863 | Zot:5    | Noticed an orb of fire
 78884 | Zot:5    | Gained mutation: Scrolls take you a little longer to read.
                  | [an orb of fire]
 78885 | Zot:5    | Killed an orb of fire
 78885 | Zot:5    | Reached skill level 15 in Ice Magic
 78886 | Zot:5    | Killed an orb of fire
 78890 | Zot:5    | Killed an ancient lich
 78897 | Zot:5    | Noticed an orb of fire
 78905 | Zot:5    | Gained mutation: Scrolls take you longer to read.
                  | [mutagenic glow]
 78908 | Zot:5    | Gained mutation: You tend to lose your temper in combat.
                  | [an orb of fire]
 78945 | Zot:4    | Gained mutation: You are weak. (Str -2) [mutagenic glow]
 79168 | Zot:5    | Lost mutation: You are partially covered in molten scales.
                  | (AC +2) [an orb of fire]
 79171 | Zot:4    | Killed an orb of fire
 79172 | Zot:4    | Killed an orb of fire
 80492 | D:15     | Lost mutation: You tend to lose your temper in combat.
                  | [potion of mutation]
 80492 | D:15     | Lost mutation: Your mind is acute. (Int +2) [potion of
                  | mutation]
 80492 | D:15     | Lost mutation: You are partially covered in thin metallic
                  | scales. (AC +2) [potion of mutation]
 80492 | D:15     | Lost mutation: Scrolls take you longer to read. [potion of
                  | mutation]
 80492 | D:15     | Gained mutation: You have a pair of small horns on your
                  | head. [potion of mutation]
 80492 | D:15     | Gained mutation: You have a pair of horns on your head.
                  | [potion of mutation]
 80492 | D:15     | Gained mutation: You are partially covered in molten
                  | scales. (AC +2) [potion of mutation]
 80493 | D:15     | Lost mutation: Scrolls take you a little longer to read.
                  | [potion of mutation]
 80493 | D:15     | Lost mutation: You are weak. (Str -2) [potion of mutation]
 80493 | D:15     | Lost mutation: You have a somewhat thin skeletal structure.
                  | (Dex +2, Stealth) [potion of mutation]
 80493 | D:15     | Lost mutation: You have a pair of horns on your head.
                  | [potion of mutation]
 80493 | D:15     | Gained mutation: You have large cloven feet. [potion of
                  | mutation]
 80493 | D:15     | Gained mutation: You are clumsy. (Dex -2) [potion of
                  | mutation]
 80493 | D:15     | Gained mutation: You have supernaturally acute eyesight.
                  | (SInv) [potion of mutation]
 80621 | Zig:1    | Entered Level 1 of a ziggurat
 80638 | Zig:2    | Entered Level 2 of a ziggurat
 80678 | Zig:3    | Entered Level 3 of a ziggurat
 80818 | Zig:4    | Entered Level 4 of a ziggurat
 80836 | Zig:4    | Identified the Guide on the Snowflakes
 80841 | Zig:5    | Entered Level 5 of a ziggurat
 80896 | Zig:6    | Entered Level 6 of a ziggurat
 81028 | Zig:6    | Identified the Volume of Doomed Transmigration
 81033 | Zig:7    | Entered Level 7 of a ziggurat
 81044 | Zig:7    | Found the ring of Shadows {Umbra +Inv Stlth+}
 81083 | Zig:8    | Entered Level 8 of a ziggurat
 81134 | Zig:9    | Entered Level 9 of a ziggurat
 81185 | Zig:10   | Entered Level 10 of a ziggurat
 81195 | Zig:10   | Found the +10 zealot's sword {holy, *Rage rN+ EV+3}
 81220 | Zig:10   | Got a brightly glowing silver amulet
 81221 | Zig:10   | Identified the amulet "Gerupunu" {RegenMP *Corrode rC++
                  | Stlth+} (You found it on level 10 of a ziggurat)
 81225 | Zig:10   | Identified the Collected Works on Ice and Clay
 81233 | Zig:10   | Identified Sif Muna's Reference Book on Stones and Calling
 81242 | Zig:11   | Entered Level 11 of a ziggurat
 81290 | Zig:11   | Acquired 3630 gold pieces
 81315 | Zig:12   | Entered Level 12 of a ziggurat
 81346 | Zig:12   | Identified The Handbook of Greatest Risks and Utility
 81357 | Zig:12   | Got a coiled pewter ring
 81366 | Zig:13   | Entered Level 13 of a ziggurat
 81411 | Zig:13   | Identified the ring "Ipos" {rPois MR+} (You found it on
                  | level 12 of a ziggurat)
 81413 | Zig:13   | Identified the +1 robe of the Trees {Int+5} (You found it
                  | on level 13 of a ziggurat)
 81414 | Zig:13   | Identified Vaida's Grimoire of Creative Bewitchment
 81425 | Zig:13   | Acquired the amulet of Wuacusk {Reflect rC+ rN+++ Str+8
                  | Dex-2 SH+5}
 81450 | Zig:14   | Entered Level 14 of a ziggurat
 81506 | Zig:14   | Identified the Collected Works on Creative Clay
 81516 | Zig:15   | Entered Level 15 of a ziggurat
 81523 | Zig:15   | Noticed a greater mummy
 81525 | Zig:15   | Noticed a greater mummy
 81526 | Zig:15   | Noticed a greater mummy
 81530 | Zig:16   | Entered Level 16 of a ziggurat
 81605 | Zig:16   | Got a sparkling tin ring
 81607 | Zig:16   | Identified the ring "Hugg" {rPois Stlth+} (You found it on
                  | level 16 of a ziggurat)
 81611 | Zig:16   | Got an ancient jade ring
 81612 | Zig:16   | Identified the ring "Ulugeog" {rC+ MR+} (You found it on
                  | level 16 of a ziggurat)
 81680 | Zig:17   | Entered Level 17 of a ziggurat
 81696 | Zig:17   | Noticed a juggernaut
 81696 | Zig:17   | Noticed a juggernaut
 81698 | Zig:17   | Noticed a juggernaut
 81700 | Zig:17   | Killed a juggernaut
 81700 | Zig:17   | Killed a juggernaut
 81701 | Zig:17   | Killed a juggernaut
 81778 | Zig:18   | Entered Level 18 of a ziggurat
 81791 | Zig:18   | Noticed an ancient lich
 81792 | Zig:18   | Noticed an ancient lich
 81796 | Zig:18   | Killed an ancient lich
 81797 | Zig:18   | Killed an ancient lich
 81840 | Zig:18   | Identified the +0 helmet of Baytaoje {Dex+6} (You found it
                  | on level 18 of a ziggurat)
 81866 | Zig:19   | Entered Level 19 of a ziggurat
 81876 | Zig:19   | Noticed Tisalime the pandemonium lord
 81877 | Zig:19   | Noticed Nycawkes the pandemonium lord
 81877 | Zig:19   | Noticed Xaotzer the pandemonium lord
 81877 | Zig:19   | Noticed Utoynafu the pandemonium lord
 81877 | Zig:19   | Noticed Atitaem the pandemonium lord
 81877 | Zig:19   | Noticed Hyfupp the pandemonium lord
 81877 | Zig:19   | Noticed Loneir the pandemonium lord
 81877 | Zig:19   | Noticed Fygan the pandemonium lord
 81878 | Zig:19   | Killed Atitaem the pandemonium lord
 81879 | Zig:19   | Noticed Saizal the pandemonium lord
 81879 | Zig:19   | Noticed Zaek the pandemonium lord
 81880 | Zig:19   | Killed Xaotzer the pandemonium lord
 81882 | Zig:19   | Killed Nycawkes the pandemonium lord
 81882 | Zig:19   | Killed Hyfupp the pandemonium lord
 81884 | Zig:19   | Killed Zaek the pandemonium lord
 81884 | Zig:19   | Killed Utoynafu the pandemonium lord
 81884 | Zig:19   | Killed Saizal the pandemonium lord
 81885 | Zig:19   | Killed Tisalime the pandemonium lord
 81887 | Zig:19   | Killed Fygan the pandemonium lord
 81887 | Zig:19   | HP: 6/188 [Loneir the pandemonium lord (15)]
 81889 | Zig:19   | HP: 2/188 [Loneir the pandemonium lord (26)]
 81896 | Zig:19   | Killed Loneir the pandemonium lord
 82055 | Zig:20   | Entered Level 20 of a ziggurat
 82093 | Zig:20   | Found the +9 sword of Zonguldrok {reap}
 82107 | Zig:20   | Identified the +3 robe of the Distant Future {-Tele Str+4
                  | Int+3} (You found it on level 20 of a ziggurat)
 82126 | Zig:21   | Entered Level 21 of a ziggurat
 82136 | Zig:21   | Noticed a juggernaut
 82138 | Zig:21   | Noticed a juggernaut
 82138 | Zig:21   | Noticed a juggernaut
 82141 | Zig:21   | Killed a juggernaut
 82141 | Zig:21   | Killed a juggernaut
 82141 | Zig:21   | Noticed a juggernaut
 82141 | Zig:21   | Noticed a juggernaut
 82142 | Zig:21   | Killed a juggernaut
 82142 | Zig:21   | Noticed a juggernaut
 82143 | Zig:21   | Killed a juggernaut
 82144 | Zig:21   | Killed a juggernaut
 82145 | Zig:21   | Killed a juggernaut
 82148 | Zig:21   | Noticed a juggernaut
 82149 | Zig:21   | Noticed a juggernaut
 82150 | Zig:21   | Noticed a juggernaut
 82152 | Zig:21   | Killed a juggernaut
 82153 | Zig:21   | Killed a juggernaut
 82154 | Zig:21   | Killed a juggernaut
 82211 | Zig:22   | Entered Level 22 of a ziggurat
 82245 | Zig:22   | Found the +3 sling "Punk" {acid, rCorr}
 82280 | Zig:22   | Got a glittering marble ring
 82281 | Zig:22   | Identified the ring of Generosity {rPois MR+ Dex+4} (You
                  | found it on level 22 of a ziggurat)
 82311 | Zig:22   | Identified the +2 pair of boots "Hero's Friend" {rC+
                  | Slay+3} (You found it on level 22 of a ziggurat)
 82319 | Zig:22   | Identified the Tome of Hurtful Shape Shifting
 82325 | Zig:23   | Entered Level 23 of a ziggurat
 82353 | Zig:23   | Gained mutation: Your spells are a little easier to cast,
                  | but a little less powerful. [a shining eye]
 82362 | Zig:23   | Gained mutation: You are dopey. (Int -2) [a shining eye]
 82367 | Zig:23   | Gained mutation: You tend to lose your temper in combat. [a
                  | shining eye]
 82371 | Zig:23   | Lost mutation: You have supernaturally acute eyesight.
                  | (SInv) [potion of mutation]
 82371 | Zig:23   | Lost mutation: You are clumsy. (Dex -2) [potion of
                  | mutation]
 82371 | Zig:23   | Lost mutation: You have large cloven feet. [potion of
                  | mutation]
 82371 | Zig:23   | Lost mutation: You tend to lose your temper in combat.
                  | [potion of mutation]
 82371 | Zig:23   | Gained mutation: You are clumsy. (Dex -2) [potion of
                  | mutation]
 82371 | Zig:23   | Lost mutation: Your natural rate of healing is unusually
                  | fast. [potion of mutation]
 82371 | Zig:23   | Gained mutation: You can translocate small distances at
                  | will. [potion of mutation]
 82372 | Zig:23   | Lost mutation: You have a pair of small horns on your head.
                  | [potion of mutation]
 82372 | Zig:23   | Lost mutation: You are dopey. (Int -2) [potion of mutation]
 82372 | Zig:23   | Lost mutation: You are clumsy. (Dex -2) [potion of
                  | mutation]
 82372 | Zig:23   | Lost mutation: Your spells are a little easier to cast, but
                  | a little less powerful. [potion of mutation]
 82372 | Zig:23   | Gained mutation: You have supernaturally acute eyesight.
                  | (SInv) [potion of mutation]
 82372 | Zig:23   | Gained mutation: Your movements are slightly less
                  | encumbered by armour. (ER -2) [potion of mutation]
 82372 | Zig:23   | Gained mutation: You possess an exceptional clarity of
                  | mind. [potion of mutation]
 82479 | Zig:23   | Got a vibrating glass ring
 82480 | Zig:23   | Identified the ring of Woulouliock {rC+ rN+ Int+6 Stlth+}
                  | (You found it on level 23 of a ziggurat)
 82484 | Zig:23   | Identified the Catalogue of Dislocation and Lightness
 82505 | Zig:24   | Entered Level 24 of a ziggurat
 82517 | Zig:24   | Noticed a juggernaut
 82518 | Zig:24   | Noticed a juggernaut
 82524 | Zig:24   | Killed a juggernaut
 82525 | Zig:24   | Noticed a juggernaut
 82526 | Zig:24   | Killed a juggernaut
 82529 | Zig:24   | Killed a juggernaut
 82529 | Zig:24   | Noticed a juggernaut
 82529 | Zig:24   | Noticed a juggernaut
 82529 | Zig:24   | Noticed a juggernaut
 82532 | Zig:24   | Noticed a juggernaut
 82533 | Zig:24   | Noticed a juggernaut
 82534 | Zig:24   | Killed a juggernaut
 82534 | Zig:24   | Killed a juggernaut
 82535 | Zig:24   | Killed a juggernaut
 82535 | Zig:24   | Killed a juggernaut
 82536 | Zig:24   | Killed a juggernaut
 82539 | Zig:24   | Noticed a juggernaut
 82541 | Zig:24   | Killed a juggernaut
 82606 | Zig:24   | Identified the cursed +0 pair of boots of Ohoympum {-Cast
                  | rElec rF++ Int+4} (You found it on level 24 of a ziggurat)
 82652 | Zig:24   | Learned a level 8 spell: Lehudib's Crystal Spear
 82655 | Zig:25   | Entered Level 25 of a ziggurat
 82758 | Zig:26   | Entered Level 26 of a ziggurat
 82881 | Zig:26   | Identified the Handbook of the Wilderness
 82893 | Zig:26   | Got a translucent platinum ring
 82894 | Zig:26   | Identified the ring "Matok" {rC+ Int+7} (You found it on
                  | level 26 of a ziggurat)
 82897 | Zig:26   | Got a faintly glowing lead ring
 82898 | Zig:26   | Identified the ring of Ituokargh {rElec Int+5 Slay+2 SInv}
                  | (You found it on level 26 of a ziggurat)
 82900 | Zig:26   | Identified the ring of the Fiend {Ice +Fly Int-4 Dex+6
                  | SInv} (You found it on level 26 of a ziggurat)
 82942 | Zig:27   | Entered Level 27 of a ziggurat
 82963 | Zig:27   | Noticed an ancient lich
 82966 | Zig:27   | Killed an ancient lich
 82973 | Zig:27   | Noticed an ancient lich
 82976 | Zig:27   | Killed an ancient lich
 82976 | Zig:27   | Reached skill level 27 in Fighting
 82976 | Zig:27   | Noticed an ancient lich
 82977 | Zig:27   | Noticed an ancient lich
 82978 | Zig:27   | Noticed an ancient lich
 82980 | Zig:27   | Killed an ancient lich
 82980 | Zig:27   | Killed an ancient lich
 82980 | Zig:27   | Reached skill level 27 in Conjurations
 82980 | Zig:27   | Killed an ancient lich
 82983 | Zig:27   | Noticed an ancient lich
 82991 | Zig:27   | Killed an ancient lich
 82992 | Zig:27   | Noticed an ancient lich
 82994 | Zig:27   | Killed an ancient lich
 83023 | Zig:27   | Identified the ring of Liberty {rCorr Dex+3} (You found it
                  | on level 27 of a ziggurat)
 83038 | Zig:27   | Identified the Tome of Icy Transmutation
 83046 | Zig:27   | Identified Hequanua's Almanac of Shifting Combat Magic
 83277 | Hell     | Entered the Vestibule of Hell
 83278 | Hell     | Noticed Geryon
 83283 | Hell     | Killed Geryon
 83398 | Hell     | Found a gateway to the decaying netherworld of Tartarus.
 83484 | Hell     | Found a gateway to the ashen valley of Gehenna.
 83684 | Hell     | Found a gateway to the freezing wastes of Cocytus.
 83804 | Hell     | Found a gateway to the Iron City of Dis.
 83909 | Pan      | Entered Pandemonium
 84116 | Pan      | Noticed Kiwkat the pandemonium lord
 84128 | Pan      | Killed Kiwkat the pandemonium lord
 85129 | Pan      | Noticed Daagouw the pandemonium lord
 85135 | Pan      | Killed Daagouw the pandemonium lord
 85139 | Pan      | Reached skill level 27 in Spellcasting
 85858 | Pan      | Got a demonic rune of Zot
 86359 | Pan      | Entered the realm of Mnoleg.
 86389 | Pan      | Paralysed by a floating eye for 2 turns
 86394 | Pan      | Noticed Mnoleg
 86400 | Pan      | Paralysed by a floating eye for 3 turns
 86404 | Pan      | Gained mutation: Your body sometimes deteriorates upon
                  | taking damage. [a cacodemon]
 86409 | Pan      | Killed Mnoleg
 86426 | Pan      | Noticed Mennas
 86431 | Pan      | Lost mutation: You can translocate small distances at will.
                  | [a neqoxec]
 86431 | Pan      | Lost mutation: You have supernaturally acute eyesight.
                  | (SInv) [a neqoxec]
 86441 | Pan      | Killed Mennas
 86756 | Pan      | Paralysed by a sphinx for 3 turns
 86791 | Pan      | Got a glowing rune of Zot
 86835 | Pan      | Entered the realm of Gloorx Vloq.
 86849 | Pan      | Found an exit through the horrors of the Abyss.
 87121 | Pan      | Noticed Gloorx Vloq
 87127 | Pan      | Killed Gloorx Vloq
 87141 | Pan      | Got a dark rune of Zot
 87570 | Pan      | Found an exit through the horrors of the Abyss.
 87692 | Pan      | Entered the realm of Lom Lobon.
 87700 | Pan      | Noticed Lom Lobon
 87733 | Pan      | HP: 6/199 [ball lightning[Lom Lobon] (4)]
 87734 | Pan      | Killed from afar by a blizzard demon

Illustrated notes

Levels and vault maps discovered:
D:1:      dpeg_arrival_orchard, layout_rooms
D:2:      layout_basic, chequers_ecumenical_altar_simple_redux
D:3:      layout_basic, guppyfry_early_orc_mine
D:4:      kennysheep_kobold_camp, layout_layer_cave
D:5:      wander_guarded_unrand_ratskin, layout_loops_ring, temple_doors_e
D:6:      layout_loops_cross, nicolae_qazlal_style_of_elements, uniq_sigmund,
          uniq_blork_the_orc, uniq_pikel
D:7:      layout_basic, gammafunk_ghost_berserking_beasts
D:8:      layout_rooms, erik_lair_orcish_takeover, nicolae_straight_to_the_point
D:9:      layout_basic, chequers_serial_rivers_micro_a, st_stairs_10,
          uniq_joseph
D:10:     layout_long_grid, orc_0_dummy
D:11:     layout_small_grid, serial_bayou_ford_a
D:12:     minmay_coctagon, layout_gridville
D:13:     wander_river, layout_loops_ring, david_vaults_1
D:14:     layout_stronghold, nicolae_ru_path_of_blood
D:15:     gammafunk_depths_entry_grave, layout_small_grid, ashenzari_altar_1,
          nrook_guardian_serpent_ordinary, uniq_louise, uniq_josephine
Temple:   compressed_dpeg_triangle_lava_temple
Lair:1:   layout_loops_ring, grunt_megastairs_5, serial_bayou_shore_a, uniq_grum
Lair:2:   layout_loops_ring, minmay_stone_trees_medium, lemuel_oklob_altar,
          uniq_urug
Lair:3:   layout_layer_cave, minmay_shoals_entry_beasts, basic_altar,
          serial_bayou_pond_e, ldierk_geyser, uniq_rupert, uniq_gastronok
Lair:4:   layout_cave_pods, spider_nest_entry_funnel_web, portal_ice_cave_rime,
          beast_lair_carwin_4
Lair:5:   layout_regular_city, basic_altar, grunt_megastairs_2
Lair:6:   minmay_lair_end_enchanted_forest, layout_loops_ring,
          nicolae_slime_entry_slimehenge, chequers_serial_rivers_marsh
Shoals:1: layout_shoals, nicolae_shoals_so_close
Shoals:2: layout_shoals, serial_shops, shop_fountains
Shoals:3: layout_shoals
Shoals:4: shoals_end_simple, layout_shoals
Spider:1: layout_spider_delve
Spider:2: layout_spider_delve
Spider:3: gammafunk_its_a_trap, gammafunk_ghost_grave,
          nicolae_spider_cling_ruins
Spider:4: grunt_spider_rune_parallel, uniq_aizul
Slime:1:  layout_caves
Slime:2:  layout_caves
Slime:3:  layout_caves
Slime:4:  layout_caves
Slime:5
Orc:1:    layout_diamond_mine, nooodl_orcs_dogs
Orc:2:    kennysheep_orc_mage_school, layout_diamond_mine
Elf:1:    elf_arrival_001, layout_geoelf_diagonals, minmay_elf_annihilation
Elf:2:    layout_onion_city, basic_altar, serial_shops, shop,
          hangedman_elven_ridges, uniq_azrael, uniq_asterion
Elf:3:    minmay_elf_hall_four_x, layout_loops_ring, serial_shops, shop,
          basic_altar, dk_noncrumbling_4, amethyst_killhole,
          corexii_hall_statues_i
Vaults:1: ontoclasm_vaults_loading_screen, vaults_room_glass_cross,
          nicolae_vaults_triangles, v_rooms_1, vaults_mumra_chevron,
          hangedman_vaults_stretched_pinwheel, ontoclasm_vaults_gateway,
          v_misc_15, vaults_dpeg_doors, vaults_standard_mumra_x, serial_ice_m,
          layout_vaults_omnicross
Vaults:2: vaults_room_large_hall, nicolae_vaults_yaktaur_gun_rack, v_misc_16,
          hangedman_vaults_restitches, vaults_room_octagon,
          hangedman_vaults_capsules, nicolae_vaults_border_crossing,
          layout_vaults_chaotic_city, serial_shops, shop
Vaults:3: gammafunk_vaults_ghost_tricky_traps, v_alt_pattern_1,
          nicolae_vaults_display_case, blue_anna_dwarven_crypt, v_misc_22,
          hangedman_vaults_unwind, v_misc_11, vaults_room_semicircle,
          nicolae_vaults_diagonal_hallway_8, layout_vaults_ring,
          uniq_bai_suzhen, uniq_margery, uniq_donald, uniq_sojobo
Vaults:4: hangedman_vaults_trim, v_misc_14, nicolae_vaults_little_ls,
          ontoclasm_vaults_ring_small, layout_vaults_omnigrid, serial_shops,
          nicolae_shop_stone, shop, uniq_mara
Vaults:5
Crypt:1:  layout_regular_city, minivault_25, grunt_crypt_arrival_webbed
Crypt:2:  layout_misc_corridors, minmay_guarded_unrand_vampires_tooth
Crypt:3:  cryptofortress_bobbens
Depths:1: layout_gridlike, minmay_misc_feat_room, gammafunk_ghost_icy,
          hangedman_abyss_entry_splay, hell_entry, minmay_misc_feat_columns,
          library_closet, minmay_hollow_rounded_squares
Depths:2: kennysheep_cluttered_fort, layout_basic, hell_entry,
          rand_demon_pan_entry_9, minmay_st_funbox, tso_metal_star,
          infiniplex_staircase_split_hallway, minmay_shop_grove
Depths:3: thingy_vault, layout_twisted_cross, pan_entry, minmay_holes,
          pf_vacation_house_of_asmodeus, uniq_enchantress
Depths:4: evilmike_diamond_1, layout_basic, enter_ziggurat_d, hell_entry,
          rand_demon_pan_entry_8, abyss_entry, chequers_serial_rivers_large_a,
          argonaut_fire_from_heaven
Depths:5: evilmike_zot_entry_gauntlet, layout_cave_pools,
          grunt_hell_entry_dis_mu, grunt_pan_entry_zigzag, serial_bayou_shore_b,
          abyss_entry, roderic_roman_lattice
Hell
Zot:1:    grunt_zot_stairs_overgrown, layout_gridlike
Zot:2:    layout_cathedral_of_symmetry
Zot:3:    layout_cathedral_of_symmetry, grunt_megastairs_4
Zot:4:    kennysheep_ambush_hall, layout_basic, uniq_tiamat
Zot:5:    layout_cellular_growth
Pan:      evilmike_mini_pan_3x3, layout_long_grid, lemuel_hall_of_pain,
          layout_chambers, mnoleg_grunt_wretched_star, layout_grid_shapes,
          pan_blood_fountain_small, uniq_mennas_pan, gloorx_vloq, layout_rooms,
          special_room [special_room_demon_pit], evilmike_mini_pan_pillars,
          layout_basic, pan_blood_fountain, lom_lobon_st, layout_pan_divisions_a
          [pan_division_quadrant_a2, pan_division_quadrant_a6,
          pan_division_quadrant_a6, pan_division_quadrant_a5,
          pan_division_octagon_empty]

Skill      XL: |  1  2  3  4  5  6  7  8  9 10 11 12 13 14 15 16 17 18 19 20 21 22 23 24 25 26 27 |
---------------+----------------------------------------------------------------------------------+-----
Earth Magic    | 4 5 6 7 8 9 10 11 12 13 14 15 16 17 18 19 23 | 23.5
Conjurations   | 1 2 3 5 6 7 8 9 10 11 12 13 14 15 16 17 18 27 | 27.0
Spellcasting   | 3 4 5 6 7 8 9 10 11 12 13 14 15 16 27 | 27.0
Fighting       | 1 3 4 5 6 7 8 9 10 11 12 13 14 15 16 17 27 | 27.0
Maces & Flails | 1 3 4 5 6 7 8 9 10 11 12 13 14 15 16 18 | 18.0
Armour         | 1 3 4 5 6 |  6.0
Dodging        | 2 3 4 5 6 7 8 9 10 11 12 13 14 15 | 15.0
Evocations     | 1 2 3 4 5 6 |  6.0
Fire Magic     | 2 5 7 8 10 11 12 13 14 15 16 17 18 19 20 21 23 | 23.4
Ice Magic      | 23 | 23.1
Stealth        | |  2.1
Transmutations | |  0.7

Action                   |  1- 3 |  4- 6 |  7- 9 | 10-12 | 13-15 | 16-18 | 19-21 | 22-24 | 25-27 || total
-------------------------+-------+-------+-------+-------+-------+-------+-------+-------+-------++-------
Melee: Unarmed           |     5 |       |       |       |       |       |       |       |       ||     5
       Mace              |    90 |    93 |       |       |       |       |       |       |       ||   183
       Dagger            |       |   184 |   457 |   557 |    33 |       |       |       |       ||  1231
       Flail             |       |       |       |    52 |       |       |       |       |       ||    52
       Executioner's axe |       |       |       |     7 |     2 |       |       |       |       ||     9
       Headbutt          |       |       |       |     4 |     6 |       |       |       |    14 ||    24
       Dire flail        |       |       |       |       |   711 |   825 |   624 |   745 |  1697 ||  4602
       Staff             |       |       |       |       |   114 |       |       |       |       ||   114
       Morningstar       |       |       |       |       |       |       |    64 |       |       ||    64
       Sacred scourge    |       |       |       |       |       |       |       |       |   399 ||   399
Throw: Stone             |       |       |       |       |       |       |     1 |       |       ||     1
       Throwing net      |       |       |       |       |       |       |       |     3 |       ||     3
 Cast: Sandblast         |    25 |     8 |    11 |    27 |   113 |     8 |     1 |       |       ||   193
       Lee's Rapid Decon |       |       |     6 |    69 |   109 |    38 |    23 |    19 |    15 ||   279
       Stone Arrow       |       |       |     5 |    16 |    80 |     4 |       |       |     1 ||   106
       Passwall          |       |       |       |     2 |     1 |       |       |       |       ||     3
       Fireball          |       |       |       |       |    45 |    17 |       |     7 |       ||    69
       Irradiate         |       |       |       |       |    11 |    12 |       |       |       ||    23
       Iron Shot         |       |       |       |       |     6 |    45 |    99 |    96 |   203 ||   449
       Ignition          |       |       |       |       |       |    22 |    77 |    40 |   129 ||   268
       Shatter           |       |       |       |       |       |       |     2 |    37 |   278 ||   317
       Starburst         |       |       |       |       |       |       |     1 |       |       ||     1
       Fire Storm        |       |       |       |       |       |       |       |       |   117 ||   117
       Absolute Zero     |       |       |       |       |       |       |       |       |    15 ||    15
       Lehudib's Crystal |       |       |       |       |       |       |       |       |     4 ||     4
 Abil: Evoke Ratskin     |       |       |     1 |       |       |       |       |       |       ||     1
       Fly               |       |       |       |       |     2 |       |       |     1 |       ||     3
       Stop Flying       |       |       |       |       |     1 |       |       |     1 |       ||     2
Evoke: Wand              |       |       |     8 |     5 |    10 |     9 |     6 |       |     3 ||    41
       Phial of floods   |       |       |       |       |     2 |     2 |       |       |       ||     4
       Phantom mirror    |       |       |       |       |     1 |       |       |       |       ||     1
       Horn of Geryon    |       |       |       |       |       |       |       |       |     2 ||     2
       Box of beasts     |       |       |       |       |       |       |       |       |     1 ||     1
       Figurine of a zig |       |       |       |       |       |       |       |       |     1 ||     1
  Use: Scroll            |     5 |     3 |    13 |     7 |    22 |    16 |    12 |    14 |    57 ||   149
       Potion            |       |       |     1 |     5 |     3 |    11 |     3 |     6 |    47 ||    76
 Stab: Sleeping          |     2 |       |     5 |     2 |     7 |     4 |     5 |     1 |     6 ||    32
       Distracted        |       |       |       |       |     1 |     1 |     1 |     1 |     6 ||    10
Armor: Robe              |    46 |   103 |   214 |   313 |   500 |   308 |   220 |   190 |   850 ||  2744
Dodge: Dodged            |   100 |   181 |   279 |   489 |  1099 |   947 |   796 |   669 |  2576 ||  7136

Table legend: (Time is in decaauts)
 A = Elapsed time spent in this place.
 B = Non-inter-level travel time spent in this place.
 C = Inter-level travel time spent in this place.
 D = Time resting spent in this place.
 E = Time spent auto-exploring this place.
 F = Levels seen in this place.
 G = Mean time per level.
                   A        B        C        D        E       F      G
               +--------+--------+--------+--------+--------+-----+--------+
         Total |  86362 |  79992 |   6370 |  14615 |  46622 |  96 |  899.6 |
       Dungeon |  21489 |  19690 |   1799 |   2906 |  12607 |  15 | 1432.6 |
        Temple |     67 |     54 |     13 |      0 |     47 |   1 |   67.0 |
          Lair |  10007 |   8893 |   1114 |   1332 |   6328 |   6 | 1667.8 |
        Shoals |   5286 |   4896 |    390 |    709 |   3295 |   4 | 1321.5 |
   Spider Nest |   3877 |   3535 |    342 |    572 |   2289 |   4 |  969.2 |
    Slime Pits |   1363 |   1308 |     55 |    895 |      0 |   5 |  272.6 |
  Orcish Mines |   2876 |   2375 |    501 |    244 |   1667 |   2 | 1438.0 |
   Elven Halls |   4264 |   4020 |    244 |    799 |   2109 |   3 | 1421.3 |
        Vaults |   9170 |   8875 |    295 |   2048 |   4941 |   5 | 1834.0 |
         Crypt |   3229 |   3084 |    145 |    363 |   1792 |   3 | 1076.3 |
        Depths |   8699 |   7570 |   1129 |   1546 |   4296 |   5 | 1739.8 |
          Hell |    571 |    546 |     25 |      0 |    408 |   1 |  571.0 |
           Zot |   6649 |   6336 |    313 |   1312 |   4124 |   5 | 1329.8 |
         Abyss |   1441 |   1441 |      0 |    106 |    368 |   3 |  480.3 |
   Pandemonium |   3601 |   3601 |      0 |    581 |   1845 |   6 |  600.2 |
      Ziggurat |   2401 |   2401 |      0 |    639 |      0 |  27 |   88.9 |
      Ice Cave |   1365 |   1365 |      0 |    561 |    505 |   1 | 1365.0 |
               +--------+--------+--------+--------+--------+-----+--------+

Top non-repeatable levels by time:
Vaults:2: 2541 daAuts
Depths:4: 2191 daAuts
Depths:1: 2144 daAuts
  Lair:4: 1963 daAuts
    D:13: 1955 daAuts
Vaults:1: 1928 daAuts
   Elf:3: 1923 daAuts
  Lair:3: 1903 daAuts
Vaults:3: 1885 daAuts
  Lair:2: 1765 daAuts
  Lair:6: 1756 daAuts
    D:10: 1749 daAuts
     D:4: 1743 daAuts
    D:11: 1719 daAuts
Depths:5: 1714 daAuts
